 Dungeon Crawl Stone Soup version 0.25.1-2-g60ff931df9 (webtiles) character file.

Game seed: 8753133516903318739

37 gruber the Shield-Bearer (level 3, -4/23 HPs)
             Began as a Gargoyle Fighter on Nov 29, 2020.
             Slain by a goblin (5 damage)
             ... led by Robin
             ... on level 2 of the Dungeon.
             The game lasted 00:01:25 (829 turns).

gruber the Shield-Bearer (Gargoyle Fighter)          Turns: 829, Time: 00:01:26

Health: -4/23      AC: 10    Str: 19    XL:     3   Next: 39%
Magic:  3/3        EV:  7    Int:  9    God:
Gold:   74         SH:  9    Dex:  9    Spells: 2/2 levels left

rFire    . . .     SeeInvis .   a - +0 flail
rCold    . . .     Gourm    .   c - +0 kite shield
rNeg     + . .     Faith    .   b - +0 scale mail
rPois    ∞         Spirit   .   (no helmet)
rElec    +         Reflect  .   (no cloak)
rCorr    +         Harm     .   (no gloves)
MR       .....                  (no boots)
Stlth    ..........             k - amulet of regeneration
HPRegen  0.47/turn              r - ring of resist corrosion
MPRegen  0.08/turn              (no ring)

@: mighty
A: negative energy resistance 1, electricity resistance, unbreathing,
petrification resistance, rot immunity, AC +3
a: no special abilities


You were on level 2 of the Dungeon.
You were not hungry.

You visited 1 branch of the dungeon, and saw 2 of its levels.

You collected 74 gold pieces.

Inventory:

Hand Weapons
 a - a +0 flail (weapon)
Armour
 b - a +0 scale mail (worn)
 c - a +0 kite shield (worn)
 l - a +0 tower shield
Jewellery
 k - an amulet of regeneration (around neck)
 r - a ring of resist corrosion (left hand)
Scrolls
 e - a scroll of remove curse {unknown}
 i - a scroll of noise {unknown}
 m - 3 scrolls of identify {unknown}
 p - a scroll of random uselessness {unknown}
 q - 2 scrolls of enchant weapon {unknown}
Potions
 d - a potion of might
 g - a potion of ambrosia {unknown}
 h - a potion of stabbing {unknown}
 n - 2 potions of flight {unknown}
 o - 2 potions of curing {unknown}
Comestibles
 f - 2 rations
 j - 5 chunks of flesh


   Skills:
 - Level 3.2 Fighting
 + Level 2.5 Maces & Flails
 + Level 3.7 Armour
 + Level 4.1 Shields


You had 2 spell levels left.
You didn't know any spells.
Your spell library was empty.

Dungeon Overview and Level Annotations

Branches:
Dungeon (2/15)

Altars:

Annotations:
D:2 Robin


Innate Abilities, Weirdness & Mutations

You are resistant to torment.
Your stone body is resilient. (AC +3)
You are immune to poison.
You resist negative energy. (rN+)
You are resistant to electric shocks. (rElec)
You can survive without breathing.
You are immune to petrification.
You are immune to rotting.


Message History

Unknown command.
You closely miss the goblin.
The goblin no longer looks unusually strong.
Robin roars a battlecry!
The goblin goes into a battle-frenzy!
You block the goblin's attack. The goblin hits you but does no damage.
The goblin completely misses you. You block the goblin's attack.
Unknown command.
You closely miss the goblin. You block Robin's attack.
The goblin hits you with a +0 club.
* * * LOW HITPOINT WARNING * * *
The goblin hits you but does no damage. x3
Robin roars a battlecry!
Unknown command.
Unknown command.
You hit Robin.
Robin is almost dead.
The goblin hits you but does no damage. x2; You block the goblin's attack.
The goblin hits you but does no damage. The goblin hits you.
You die...

#.##.#### #.##....#
############.#####.#
................÷>.###
################.....#
##....#.#.#.#
....#.#<..#.# ##
#.....gg#...# ..
g.#...g@#.### #.#
####.###g#.# ..#
..g^)....#.#
..##.....#.# ###...#.#
#.....# #..### # #..?
# #...


You could see Robin (fast) and 3 goblins.

Vanquished Creatures
  An ooze (D:1)
  A worm (D:2)
  A leopard gecko (D:1)
  2 bats (D:1)
  8 goblins
  7 hobgoblins
  2 frilled lizards
  2 kobolds (D:1)
  A rat (D:1)
25 creatures vanquished.

Notes
Turn   | Place    | Note
-------+----------+-------------------------------------------
     0 | D:1      | gruber the Gargoyle Fighter began the quest for the Orb.
     0 | D:1      | Reached XP level 1. HP: 14/14 MP: 1/1
   251 | D:1      | Reached XP level 2. HP: 16/19 MP: 2/2
   710 | D:2      | Reached XP level 3. HP: 23/23 MP: 3/3
   771 | D:2      | Reached skill level 4 in Shields
   800 | D:2      | Noticed Robin
   828 | D:2      | HP: 1/23 [goblin/+0 club[Robin] (3)]
   829 | D:2      | Slain by a goblin

Illustrated notes

Levels and vault maps discovered:
D:1:      dpeg_arrival_rooms_with_view, layout_loops_ring,
          corexii_leaking_fountain, minmay_stone_trees_medium,
          minmay_tree_intersection, minmay_misc_feat_four_crosses
D:2:      layout_basic, uniq_robin, uniq_terence, uniq_natasha

Skill      XL: |  1  2  3 |
---------------+----------+-----
Shields        | 4 |  4.1
Fighting       | |  3.2
Maces & Flails | |  2.5
Armour         | |  3.7

Action                   || total
-------------------------++-------
Melee: Flail             ||   104
  Use: Potion            ||     1
Armor: Scale mail        ||    74
Dodge: Dodged            ||    28
Block: Kite shield       ||    66
